| TOP OF THE 1ST |
|
Texas (APP) Rangers batting - Pitching for Detroit (APP) Tigers : LHP Randolph Main
|
|
Pitching: LHP Randolph Main
|
|
|
Batting: SHB Tim Rogers
|
0-0: Ground out 4-3 (Groundball, 4, EV 88.1 MPH)
|
|
Batting: RHB Luis Solorzano
|
0-0: Called Strike 0-1: Fly out, F6 (Popup, 15S, EV 78.1 MPH)
|
|
Batting: RHB Jerry Foster
|
0-0: Foul Ball, location: 2F 0-1: Foul Ball, location: 2F 0-2: Ball 1-2: DOUBLE (Line Drive, 89XD, EV 108.8 MPH)
|
|
Batting: RHB Nick Solberg
|
0-0: Ball 1-0: Ground out 6-3 (Groundball, 6S, EV 85.6 MPH)
|
| Top of the 1st over - 0 runs, 1 hit, 0 errors, 1 left on base; Texas (APP) 0 - Detroit (APP) 0 |
| BOTTOM OF THE 1ST |
|
Detroit (APP) Tigers batting - Pitching for Texas (APP) Rangers : RHP Bobby Scott
|
|
Pitching: RHP Bobby Scott
|
|
|
Batting: RHB Seth Fox
|
0-0: Called Strike 0-1: Swinging Strike 0-2: Ball 1-2: Ball 2-2: Ball 3-2: SINGLE (Line Drive, 4M, EV 99.4 MPH)
|
|
Batting: RHB Kevin Steed
|
0-0: Called Strike 0-1: Foul Ball, location: 2F 0-2: Fielders Choice at 2nd, 6-4 (Groundball, 56, EV 98.8 MPH)
|
|
Batting: SHB Ronnie Lundy
|
0-0: Ball Pickoff Throw to First - Error! E1 Kevin Steed to second 1-0: Ball 2-0: Foul Ball, location: 2F 2-1: Ball 3-1: Ground out 4-3 (Groundball, 4S, EV 68.1 MPH) Kevin Steed to third
|
|
Batting: RHB Norm Wood
|
0-0: Ball 1-0: Ball 2-0: Ball 3-0: Base on Balls
|
|
Batting: RHB Nate Dabney
|
0-0: Ball 1-0: Called Strike 1-1: Swinging Strike 1-2: Strikes out swinging
|
| Bottom of the 1st over - 0 runs, 1 hit, 1 error, 2 left on base; Texas (APP) 0 - Detroit (APP) 0 |
| TOP OF THE 2ND |
|
Texas (APP) Rangers batting - Pitching for Detroit (APP) Tigers : LHP Randolph Main
|
|
Batting: RHB Elias Sagrero
|
0-0: Called Strike 0-1: Called Strike 0-2: Foul Ball, location: 2F 0-2: Ball 1-2: Strikes out swinging
|
|
Batting: SHB Albert Ortiz
|
0-0: Called Strike 0-1: Ball 1-1: Ball 2-1: Ball 3-1: Foul Ball, location: 2F 3-2: Base on Balls
|
|
Batting: LHB Eddie Reyes
|
0-0: Swinging Strike 0-1: Called Strike 0-2: Foul Ball, location: 2F 0-2: Ball 1-2: Fly out, F7 (Flyball, 78S, EV 83.1 MPH)
|
|
Batting: LHB Santino Pisanello
|
0-0: Ball 1-0: Called Strike 1-1: Ball 2-1: SINGLE (Groundball, 34D, EV 83.1 MPH) (infield hit) Albert Ortiz to second
|
|
Batting: LHB Bobby Scott
|
0-0: Called Strike 0-1: Called Strike 0-2: Foul Ball, location: 2F 0-2: Foul Ball, location: 2F 0-2: Ball 1-2: Ball 2-2: Foul Ball, location: 2F 2-2: Foul Ball, location: 2F 2-2: Strikes out swinging
|
| Top of the 2nd over - 0 runs, 1 hit, 0 errors, 2 left on base; Texas (APP) 0 - Detroit (APP) 0 |
| BOTTOM OF THE 2ND |
|
Detroit (APP) Tigers batting - Pitching for Texas (APP) Rangers : RHP Bobby Scott
|
|
Batting: LHB Glen Boyle
|
0-0: Swinging Strike 0-1: Ball 1-1: Ball 2-1: Foul Ball, location: 2F 2-2: Ball 3-2: Ground out U3 (Groundball, 3, EV 93.1 MPH)
|
|
Batting: RHB George Sonier
|
0-0: Ball 1-0: Ball 2-0: Called Strike 2-1: Fly out, F7 (Flyball, BS3, EV 96.9 MPH)
|
|
Batting: RHB Yasutaka Yamasaki
|
0-0: Foul Ball, location: 2F 0-1: Ball 1-1: SINGLE (Flyball, 8LS, EV 95.0 MPH) - OUT at second base trying to stretch hit.
|
| Bottom of the 2nd over - 0 runs, 1 hit, 0 errors, 0 left on base; Texas (APP) 0 - Detroit (APP) 0 |
| TOP OF THE 3RD |
|
Texas (APP) Rangers batting - Pitching for Detroit (APP) Tigers : LHP Randolph Main
|
|
Batting: SHB Tim Rogers
|
0-0: Swinging Strike 0-1: Ball 1-1: Foul Ball, location: 2F 1-2: Ball 2-2: Ground out 5-3 (Groundball, 56S, EV 80.6 MPH)
|
|
Batting: RHB Luis Solorzano
|
0-0: Called Strike 0-1: Ball 1-1: Foul Ball, location: 2F 1-2: Foul Ball, location: 2F 1-2: Strikes out swinging
|
|
Batting: RHB Jerry Foster
|
0-0: SINGLE (Groundball, 6MS, EV 71.9 MPH) (infield hit)
|
|
Batting: RHB Nick Solberg
|
0-0: Ball 1-0: Called Strike 1-1: Ball 2-1: Fielders Choice at 2nd, 6-4 (Groundball, 56, EV 105.0 MPH)
|
| Top of the 3rd over - 0 runs, 1 hit, 0 errors, 1 left on base; Texas (APP) 0 - Detroit (APP) 0 |
| BOTTOM OF THE 3RD |
|
Detroit (APP) Tigers batting - Pitching for Texas (APP) Rangers : RHP Bobby Scott
|
|
Batting: SHB Salvador Lacosta
|
0-0: Called Strike 0-1: Ball 1-1: Foul Ball, location: 2F 1-2: Ball 2-2: Ball 3-2: Strikes out swinging
|
|
Batting: RHB Seth Fox
|
0-0: Ball 1-0: Ball 2-0: Swinging Strike 2-1: Called Strike 2-2: Strikes out looking
|
|
Batting: RHB Kevin Steed
|
0-0: Ball 1-0: Called Strike 1-1: Ball 2-1: Foul Ball, location: 2F 2-2: Foul Ball, location: 2F 2-2: Ball 3-2: Foul Ball, location: 2F 3-2: Foul Ball, location: 2F 3-2: Ground out U3 (Groundball, 3, EV 83.1 MPH)
|
| Bottom of the 3rd over - 0 runs, 0 hits, 0 errors, 0 left on base; Texas (APP) 0 - Detroit (APP) 0 |
| TOP OF THE 4TH |
|
Texas (APP) Rangers batting - Pitching for Detroit (APP) Tigers : LHP Randolph Main
|
|
Batting: RHB Elias Sagrero
|
0-0: Foul Ball, location: 2F 0-1: Ball 1-1: Ball 2-1: Foul Ball, location: 2F 2-2: Ground out 4-3 (Groundball, 4, EV 110.0 MPH)
|
|
Batting: SHB Albert Ortiz
|
0-0: Foul Ball, location: 2F 0-1: Ball 1-1: Foul Ball, location: 2F 1-2: SINGLE (Line Drive, 56, EV 98.1 MPH)
|
|
Batting: LHB Eddie Reyes
|
0-0: Ball 1-0: Called Strike 1-1: Swinging Strike 1-2: Foul Ball, location: 2F 1-2: Hit by Pitch Albert Ortiz to second
|
|
Batting: LHB Santino Pisanello
|
0-0: Fielders Choice at 2nd, 1-6 (Groundball, 13, EV 68.1 MPH) Albert Ortiz to third
|
|
Batting: LHB Bobby Scott
|
0-0: Fielders Choice at 2nd, 6-4 (Groundball, 6, EV 105.0 MPH)
|
| Top of the 4th over - 0 runs, 1 hit, 0 errors, 2 left on base; Texas (APP) 0 - Detroit (APP) 0 |
| BOTTOM OF THE 4TH |
|
Detroit (APP) Tigers batting - Pitching for Texas (APP) Rangers : RHP Bobby Scott
|
|
Batting: SHB Ronnie Lundy
|
0-0: Ball 1-0: Ball 2-0: Foul Ball, location: 2F 2-1: Ground out 6-3 (Groundball, 6MS, EV 82.5 MPH)
|
|
Batting: RHB Norm Wood
|
0-0: SOLO HOME RUN (Flyball, 78XD, EV 109.4 MPH), Distance : 412 ft
|
|
Batting: RHB Nate Dabney
|
0-0: Ball 1-0: Called Strike 1-1: Ball 2-1: Foul Ball, location: 2F 2-2: Strikes out swinging
|
|
Batting: LHB Glen Boyle
|
0-0: Ground out 4-3 (Groundball, 4S, EV 66.2 MPH)
|
| Bottom of the 4th over - 1 run, 1 hit, 0 errors, 0 left on base; Texas (APP) 0 - Detroit (APP) 1 |
| TOP OF THE 5TH |
|
Texas (APP) Rangers batting - Pitching for Detroit (APP) Tigers : LHP Randolph Main
|
|
Batting: SHB Tim Rogers
|
0-0: Foul Ball, location: 2F 0-1: Called Strike 0-2: Ball 1-2: Ball 2-2: Ball 3-2: Base on Balls
|
|
Batting: RHB Luis Solorzano
|
0-0: Ball 1-0: Called Strike 1-1: Ball Pickoff Throw to First - Out! 1-3 2-1: Foul Ball, location: 2F 2-2: Foul Ball, location: 2F 2-2: Ball 3-2: Base on Balls
|
|
Batting: RHB Jerry Foster
|
0-0: Ball 1-0: Foul Ball, location: 2F 1-1: SINGLE (Groundball, 56D, EV 93.8 MPH) Luis Solorzano to second
|
|
Batting: RHB Nick Solberg
|
0-0: Called Strike 0-1: Ball 1-1: Ball 2-1: Fly out, F9 (Flyball, 9LM, EV 91.2 MPH)
|
|
Batting: RHB Elias Sagrero
|
0-0: Swinging Strike 0-1: Called Strike 0-2: Ball 1-2: Strikes out looking
|
| Top of the 5th over - 0 runs, 1 hit, 0 errors, 2 left on base; Texas (APP) 0 - Detroit (APP) 1 |
| BOTTOM OF THE 5TH |
|
Detroit (APP) Tigers batting - Pitching for Texas (APP) Rangers : RHP Bobby Scott
|
|
Batting: RHB George Sonier
|
0-0: Called Strike 0-1: Foul Ball, location: 2F 0-2: Strikes out looking
|
|
Batting: RHB Yasutaka Yamasaki
|
0-0: Called Strike 0-1: SOLO HOME RUN (Flyball, 78XD, EV 99.4 MPH), Distance : 399 ft
|
|
Batting: SHB Salvador Lacosta
|
0-0: Called Strike 0-1: SINGLE (Groundball, 6MS, EV 65.0 MPH) (infield hit)
|
|
Batting: RHB Seth Fox
|
0-0: Foul Ball, location: 2F 0-1: Ball 1-1: Ball 2-1: Foul Ball, location: 2F 2-2: Ball 3-2: DOUBLE (Flyball, 8RD, EV 103.8 MPH) Salvador Lacosta to third Runner from 3rd tries for Home, SAFE, throw by CF to trailing runner, OUT at third! 8-3-5
|
|
Batting: RHB Kevin Steed
|
0-0: Ball 1-0: Foul Ball, location: 2F 1-1: Ground out 6-3 (Groundball, 6, EV 77.5 MPH)
|
| Bottom of the 5th over - 2 runs, 3 hits, 0 errors, 0 left on base; Texas (APP) 0 - Detroit (APP) 3 |
| TOP OF THE 6TH |
|
Texas (APP) Rangers batting - Pitching for Detroit (APP) Tigers : LHP Randolph Main
|
|
Batting: SHB Albert Ortiz
|
0-0: Ball 1-0: Called Strike 1-1: Ball 2-1: Foul Ball, location: 2F 2-2: SINGLE (Line Drive, 89S, EV 91.2 MPH)
|
|
Batting: LHB Eddie Reyes
|
0-0: DOUBLE (Flyball, 5D, EV 99.4 MPH) Albert Ortiz to third
|
|
Batting: LHB Santino Pisanello
|
0-0: Ball 1-0: Called Strike 1-1: Ball 2-1: Fly out, F2 (Popup, 25F, EV 85.0 MPH)
|
|
Batting: LHB Bobby Scott
|
0-0: Ball 1-0: DOUBLE (Line Drive, 89M, EV 88.1 MPH) Albert Ortiz scores Eddie Reyes scores
|
|
Batting: SHB Tim Rogers
|
0-0: Foul Ball, location: 2F 0-1: Foul Ball, location: 2F 0-2: Foul Ball, location: 2F 0-2: Ball 1-2: Foul Ball, location: 2F 1-2: Ball 2-2: SINGLE (Groundball, 6MS, EV 73.1 MPH) (infield hit) Bobby Scott to third
|
|
Pitching: RHP Mike Santana
|
|
|
Batting: RHB Luis Solorzano
|
0-0: Ball Tim Rogers is caught stealing 2nd base 2-4 1-0: Foul Ball, location: 2F 1-1: Foul Ball, location: 2F 1-2: Fly out, F8 (Flyball, 8LD, EV 91.9 MPH)
|
| Top of the 6th over - 2 runs, 4 hits, 0 errors, 1 left on base; Texas (APP) 2 - Detroit (APP) 3 |
| BOTTOM OF THE 6TH |
|
Detroit (APP) Tigers batting - Pitching for Texas (APP) Rangers : RHP Bobby Scott
|
|
Batting: SHB Ronnie Lundy
|
0-0: Called Strike 0-1: Called Strike 0-2: Foul Ball, location: 2F 0-2: Strikes out looking
|
|
Batting: RHB Norm Wood
|
0-0: Ball 1-0: Ball 2-0: Called Strike 2-1: Ball 3-1: Fly out, F3 (Popup, 34, EV 60.6 MPH)
|
|
Batting: RHB Nate Dabney
|
0-0: Called Strike 0-1: DOUBLE (Flyball, 8RXD, EV 87.5 MPH)
|
|
Batting: LHB Glen Boyle
|
0-0: Ball 1-0: Ball 2-0: Called Strike 2-1: Ball 3-1: SINGLE (Groundball, 15S, EV 68.1 MPH) (infield hit) Nate Dabney to third
|
|
Batting: RHB George Sonier
|
0-0: Called Strike 0-1: Swinging Strike 0-2: Strikes out looking
|
| Bottom of the 6th over - 0 runs, 2 hits, 0 errors, 2 left on base; Texas (APP) 2 - Detroit (APP) 3 |
| TOP OF THE 7TH |
|
Texas (APP) Rangers batting - Pitching for Detroit (APP) Tigers : RHP Mike Santana
|
|
Batting: RHB Jerry Foster
|
0-0: Called Strike 0-1: SINGLE (Line Drive, 8LS, EV 107.5 MPH)
|
|
Batting: RHB Nick Solberg
|
0-0: Ball 1-0: Ball 2-0: Foul Ball, location: 2F 2-1: Ball Jerry Foster steals 2nd base 3-1: Foul Ball, location: 2F 3-2: Ground out 5-3 (Groundball, 5S, EV 90.0 MPH)
|
|
Batting: RHB Elias Sagrero
|
0-0: Called Strike 0-1: Ball 1-1: Foul Ball, location: 2F 1-2: Ball 2-2: Strikes out swinging
|
|
Batting: SHB Albert Ortiz
|
0-0: Called Strike 0-1: Foul Ball, location: 2F 0-2: Ball 1-2: Ball 2-2: Hit by Pitch
|
|
Batting: LHB Eddie Reyes
|
0-0: Called Strike 0-1: Foul Ball, location: 2F 0-2: Ball 1-2: Foul Ball, location: 2F 1-2: Fly out, F7 (Flyball, 7D, EV 86.2 MPH)
|
| Top of the 7th over - 0 runs, 1 hit, 0 errors, 2 left on base; Texas (APP) 2 - Detroit (APP) 3 |
| BOTTOM OF THE 7TH |
|
Detroit (APP) Tigers batting - Pitching for Texas (APP) Rangers : RHP Bobby Scott
|
|
Batting: RHB Yasutaka Yamasaki
|
0-0: Ball 1-0: Ground out 5-3 (Groundball, 56, EV 90.0 MPH)
|
|
Batting: SHB Salvador Lacosta
|
0-0: Ball 1-0: Called Strike 1-1: Ball 2-1: Foul Ball, location: 2F 2-2: Foul Ball, location: 2F 2-2: Strikes out swinging
|
|
Pitching: RHP Seved Landgre
|
|
|
Batting: RHB Seth Fox
|
0-0: Swinging Strike 0-1: Swinging Strike 0-2: Ball 1-2: Ball 2-2: Fly out, F7 (Flyball, 7S, EV 82.5 MPH)
|
| Bottom of the 7th over - 0 runs, 0 hits, 0 errors, 0 left on base; Texas (APP) 2 - Detroit (APP) 3 |
| TOP OF THE 8TH |
|
Texas (APP) Rangers batting - Pitching for Detroit (APP) Tigers : RHP Mike Santana
|
|
Batting: LHB Santino Pisanello
|
0-0: Ground out 1-3 (Groundball, 13, EV 68.1 MPH)
|
|
Batting: LHB Bobby Scott
|
0-0: Called Strike 0-1: Foul Ball, location: 2F 0-2: Ball 1-2: Strikes out swinging
|
|
Batting: SHB Tim Rogers
|
0-0: Ball 1-0: Called Strike 1-1: Ball 2-1: Swinging Strike 2-2: Reached on error, E6 (Groundball, 56, EV 102.5 MPH)
|
|
Pitching: RHP Bert Hernandez
|
|
|
Batting: RHB Luis Solorzano
|
0-0: Foul Ball, location: 2F 0-1: Ball 1-1: Called Strike 1-2: Foul Ball, location: 2F 1-2: Foul Ball, location: 2F 1-2: 2-RUN HOME RUN (Flyball, 7LD, EV 96.9 MPH), Distance : 364 ft
|
|
Batting: RHB Jerry Foster
|
0-0: SINGLE (Groundball, 6MS, EV 72.5 MPH) (infield hit)
|
|
Batting: RHB Nick Solberg
|
0-0: Called Strike 0-1: Ball 1-1: Called Strike Jerry Foster steals 2nd base 1-2: Foul Ball, location: 2F 1-2: Ball 2-2: Foul Ball, location: 2F 2-2: Ball 3-2: Foul Ball, location: 2F 3-2: Foul Ball, location: 2F 3-2: SINGLE (Groundball, 56D, EV 108.1 MPH) Jerry Foster to third Runner from 3rd tries for Home, SAFE, throw by LF to home
|
|
Batting: RHB Elias Sagrero
|
0-0: Foul Ball, location: 2F 0-1: Ball 1-1: Called Strike 1-2: Hit by Pitch Nick Solberg to second
|
|
Batting: SHB Albert Ortiz
|
0-0: Called Strike 0-1: Swinging Strike 0-2: Strikes out swinging
|
| Top of the 8th over - 3 runs, 3 hits, 1 error, 2 left on base; Texas (APP) 5 - Detroit (APP) 3 |
| BOTTOM OF THE 8TH |
|
Detroit (APP) Tigers batting - Pitching for Texas (APP) Rangers : RHP Seved Landgre
|
|
Batting: RHB Kevin Steed
|
0-0: Called Strike 0-1: SINGLE (Groundball, 4MD, EV 100.6 MPH)
|
|
Batting: SHB Ronnie Lundy
|
0-0: Foul Ball, location: 2F 0-1: Called Strike 0-2: Strikes out looking
|
|
Batting: RHB Norm Wood
|
0-0: Ball Wild Pitch! Kevin Steed to second 1-0: Called Strike 1-1: Swinging Strike 1-2: Ball Wild Pitch! Kevin Steed to third 2-2: Ground out 5-3 (Groundball, 5, EV 87.5 MPH)
|
|
Pinch Hitting: RHB Ernst Meloche
|
0-0: Ball 1-0: Foul Ball, location: 2F 1-1: Foul Ball, location: 2F 1-2: Strikes out swinging
|
| Bottom of the 8th over - 0 runs, 1 hit, 0 errors, 1 left on base; Texas (APP) 5 - Detroit (APP) 3 |
| TOP OF THE 9TH |
|
Texas (APP) Rangers batting - Pitching for Detroit (APP) Tigers : RHP Bert Hernandez
|
|
Now in LF: Isao Fukui
|
|
|
Batting: LHB Eddie Reyes
|
0-0: Called Strike 0-1: Ball 1-1: Ball 2-1: Ball 3-1: Base on Balls
|
|
Batting: LHB Santino Pisanello
|
0-0: Bunted foul 0-1: Bunt - Flyout to 15S! F1
|
|
Batting: LHB Bobby Scott
|
0-0: Ball 1-0: Called Strike 1-1: Ball 2-1: Grounds into double play, 6-4-3 (Groundball, 6, EV 88.8 MPH)
|
| Top of the 9th over - 0 runs, 0 hits, 0 errors, 0 left on base; Texas (APP) 5 - Detroit (APP) 3 |
| BOTTOM OF THE 9TH |
|
Detroit (APP) Tigers batting - Pitching for Texas (APP) Rangers : RHP Seved Landgre
|
|
Pitching: LHP Alex Boites
|
|
|
Batting: LHB Glen Boyle
|
0-0: Ball 1-0: Ball 2-0: Foul Ball, location: 2F 2-1: Called Strike 2-2: Strikes out swinging
|
|
Batting: RHB George Sonier
|
0-0: Swinging Strike 0-1: Called Strike 0-2: Strikes out swinging
|
|
Batting: LHB Timotheus Young
|
0-0: Ball 1-0: Called Strike 1-1: Foul Ball, location: 2F 1-2: Strikes out swinging
|
| Bottom of the 9th over - 0 runs, 0 hits, 0 errors, 0 left on base; Texas (APP) 5 - Detroit (APP) 3 |
|